 Dungeon Crawl Stone Soup version 0.18.1-8-gdd0e5ea (webtiles) character file.

50 juanjsm the Insei (level 3, 0/23 HPs)
             Began as an Octopode Transmuter on June 7, 2016.
             Slain by an adder (1 damage)
             ... on level 2 of the Dungeon.
             The game lasted 00:07:52 (1059 turns).

juanjsm the Insei (Octopode Transmuter)             Turns: 1059, Time: 00:07:52

Health: 0/23       AC:  1    Str:  8 (9)  XL:     3   Next: 79%
Magic:  5/6        EV: 12    Int: 14 (16) God:
Gold:   40         SH:  0    Dex: 11 (12) Spells: 3 memorised, 0 levels left

rFire  . . .     SeeInvis .       - Unarmed
rCold  . . .     Gourm    .     (no shield)
rNeg   . . .     Faith    .     (helmet restricted)
rPois  .         Spirit   .     (no amulet)
rElec  .         Dismiss  .     (no ring)
rCorr  .         Reflect  .     (no ring)
SustAt .         Harm     .     (no ring)
MR     .....                    (no ring)
Stlth  ++........               (no ring)
                                (no ring)
                                (no ring)
                                (no ring)

@: lethally poisoned (0 -> -2), drained, not resistant to hostile enchantments,
unstealthy
A: almost no armour, amphibious, 8 rings, constrict 8, camouflage 1, gelatinous
body 1
a: no special abilities


You were on level 2 of the Dungeon.
You were not hungry.

You visited 1 branch of the dungeon, and saw 4 of its levels.

You collected 40 gold pieces.

Inventory:

Hand Weapons
 d - a +0 hunting sling of flaming
Missiles
 a - 11 arrows
 e - 25 stones (quivered)
 k - 19 poisoned needles
 l - 7 needles of sleeping
Armour
 f - a +0 shield
Scrolls
 h - a scroll of fog {unknown}
 i - 3 scrolls of identify {unknown}
 j - a scroll of remove curse {unknown}
 m - a scroll of enchant armour {unknown}
 n - a scroll of blinking {unknown}
Books
 b - a book of Changes

   Spells                             Type                      Level
   a - Beastly Appendage              Transmutation                1
   b - Sticks to Snakes               Transmutation                2
   c - Spider Form                    Transmutation/Poison         3
   d - Ice Form                       Ice/Transmutation            4
   e - Blade Hands                    Transmutation                5
Comestibles
 c - a bread ration
 g - 10 chunks of flesh


   Skills:
 + Level 1.1(0.4) Fighting
 + Level 2.3(1.6) Dodging
 * Level 1.3(0.6) Stealth
 * Level 1.0(0.3) Shields
 * Level 3.5(2.8) Unarmed Combat
 + Level 2.1(1.4) Spellcasting
 * Level 2.4(1.6) Transmutations


You couldn't memorise any spells.
You knew the following spells:

 Your Spells              Type           Power        Failure   Level  Hunger
a - Beastly Appendage     Trmt           #.....       14%         1    ##.....
b - Sticks to Snakes      Trmt           #.......     21%         2    ###....
c - Spider Form           Trmt/Pois      #.........   61%         3    ####...


Dungeon Overview and Level Annotations

Branches:
Dungeon (4/15)
 Temple: D:4-7

Altars:


Innate Abilities, Weirdness & Mutations

You cannot wear most types of armour.
You are amphibious.
You can wear up to eight rings at the same time.
You can use your tentacles to constrict eight enemies at once.
Your skin changes colour to match your surroundings (Stealth).
Your rubbery body absorbs attacks (AC +1).


Message History

You feel weakened.
You feel dopey.
You feel clumsy.
You constrict the goblin.
You feel sick. The quokka closely misses you.
The goblin hits you with an uncursed club.
* * * LOW HITPOINT WARNING * * *
Your ball python bites the quokka but does no damage.
Your ball python closely misses the quokka.
You barely miss the goblin.
The goblin is severely wounded.
You constrict the goblin.
You kill the goblin!
The quokka barely misses you.
Your ball python barely misses the quokka.
Your ball python grabs the quokka.
Your ball python constricts the quokka.
You aren't carrying any potions.
Unknown command.
You tentacle-slap the quokka but do no damage.
You squeeze the quokka.
You kill the quokka!
You miss the adder. Your grab misses the adder. The adder bites you.
You die...

........###
.......................
..................###.
##.....)..........##...
##.................##...
...!...................<
...................##.#.
#...)SS...............
##...@..............#.
#.................)..>
#...†%.###..##......##
.....#.......#......#..#
...........#......####..
.......#...#.#..#..##...
.......................#
..............###....###
.......#.#........##.#


You could see an adder and a friendly ball python.

Vanquished Creatures
  An adder (D:2)
  3 dart slugs (D:1)
  An orc (D:3)
  A giant cockroach (D:1)
  5 goblins
  5 hobgoblins
  A kobold (D:3)
  A quokka (D:2)
  7 bats
  A giant newt (D:1)
  8 rats
34 creatures vanquished.

Notes
Turn   | Place    | Note
--------------------------------------------------------------
     0 | D:1      | juanjsm the Octopode Transmuter began the quest for the Orb.
     0 | D:1      | Reached XP level 1. HP: 13/13 MP: 3/3
   109 | D:4      | Noticed an orc wizard
   116 | D:3      | Reached XP level 2. HP: 11/18 MP: 1/5
   121 | D:3      | Learned a level 2 spell: Sticks to Snakes
   554 | D:1      | Reached XP level 3. HP: 11/23 MP: 4/6
   559 | D:1      | Learned a level 3 spell: Spider Form
   845 | D:1      | Reached skill level 1 in Stealth
  1048 | D:2      | Reached skill level 1 in Shields
  1056 | D:2      | HP: 1/23 [goblin/uncursed club (3)]
  1059 | D:2      | Slain by an adder

Skill      XL: |  1  2  3 |
---------------+----------+-----
Stealth        | 1 |  1.3
Shields        | 1 |  1.0
Fighting       | |  1.1
Dodging        | |  2.3
Unarmed Combat | |  3.5
Spellcasting   | |  2.1
Transmutations | |  2.4

Action                   || total
-------------------------++-------
Melee: Unarmed           ||    79
       Constrict         ||    20
       Tentacles         ||    13
       Kick              ||    15
       Punch             ||     1
 Cast: Beastly Appendage ||    21
       Sticks to Snakes  ||     1
  Use: Potion            ||     1
 Stab: Sleeping          ||     8
  Eat: Chunk             ||     1
Armor: Skin              ||    10
Dodge: Dodged            ||    51
